Flyers vs Flames
Created - 1 avril 2013 at 19:12
Goals
|
| Flyers |
0 |
2 |
1 |
3 |
| Flames |
0 |
1 |
0 |
1 |
|
Shots
|
| Flyers |
9 |
12 |
13 |
34 |
| Flames |
15 |
10 |
7 |
32 |
|
1st period
No Goal
Penalties :
Petr Schastlivy (Cal) for Hooking (Minor) at 7:59
2nd period
1. Flames , Eric Staal 25 (Alexander Semin) at 0:14
2. Flyers , Jeff O'Neill 17 (Shane Doan, Marc Savard) at 2:07
3. Flyers , Frantisek Kaberle 2 (Martin St. Louis, Marc Savard) at 16:34 (PP)
Penalties :
Shane Doan (Phi) for Slashing (Minor) at 8:27, Erik Johnson (Cal) for Hooking (Minor) at 15:01, Erik Cole (Phi) for Interference (Minor) at 19:11
3rd period
4. Flyers , Miroslav Satan 13 (Martin Straka, Andrei Kostitsyn) at 12:38
Penalties :
No Penalty
Goalie Stats
Chris Mason (Phi), 31 saves from 32 shots - (0,969), W, 13-17-6, 60:00 minutes
Pekka Rinne (Cal), 31 saves from 34 shots - (0,912), L, 14-12-5, 60:00 minutes
Players Stats for Flyers
Player Name G A P +/- PIM S H SB GA TA FO MP PP MP PK MP
------------------------------------------------------------------------------------
Andrei Kostitsyn 0 1 1 1 0 2 2 0 0 0 0/0 16:40 1:25 0:38
Blair Betts 0 0 0 0 0 2 1 0 0 0 0/1 9:49 0:00 0:50
Brooks Orpik 0 0 0 0 0 0 0 0 0 1 0/0 26:00 2:14 2:20
David Moss 0 0 0 1 0 2 3 0 0 0 0/0 12:06 0:00 0:00
Ed Jovanovski 0 0 0 1 0 0 3 2 0 0 0/0 21:28 1:18 1:38
Eric Godard 0 0 0 0 0 1 1 0 0 0 0/0 8:46 0:00 0:00
Erik Cole 0 0 0 -1 2 3 3 1 1 0 2/3 19:08 2:07 0:00
Frantisek Kaberle 1 0 1 0 0 1 3 0 2 1 0/0 26:00 2:14 2:20
Jeff O'Neill 1 0 1 1 0 5 1 0 0 1 8/18 16:43 1:25 0:58
Marc Savard 0 2 2 -1 0 3 0 1 0 1 17/32 21:50 2:07 2:38
Marcel Hossa 0 0 0 0 0 0 1 1 1 0 0/0 8:32 0:00 0:00
Martin St. Louis 0 1 1 -1 0 4 3 0 1 0 0/0 21:43 2:07 2:34
Martin Straka 0 1 1 1 0 1 1 0 0 0 2/3 12:19 0:00 0:00
Mike Lundin 0 0 0 0 0 1 1 1 0 0 0/0 12:32 0:00 0:00
Miroslav Satan 1 0 1 1 0 4 1 1 0 0 0/0 12:19 0:00 0:00
Nolan Pratt 0 0 0 0 0 0 1 0 0 1 0/0 12:32 0:00 0:00
Scott Hannan 0 0 0 1 0 1 1 2 0 0 0/0 21:28 1:18 1:38
Shane Doan 0 1 1 1 2 4 4 0 0 0 0/0 16:05 1:25 0:18
Players Stats for Flames
Player Name G A P +/- PIM S H SB GA TA FO MP PP MP PK MP
------------------------------------------------------------------------------------
Alexander Semin 0 1 1 1 0 3 3 0 0 0 3/3 21:00 2:20 1:19
Brett Lebda 0 0 0 -1 0 0 1 0 1 1 0/0 18:43 1:11 1:52
David Backes 0 0 0 -1 0 1 1 0 2 0 0/1 16:40 1:38 0:00
Eric Staal 1 0 1 1 0 7 3 0 0 0 14/31 22:06 2:20 2:06
Erik Johnson 0 0 0 -1 2 1 1 0 0 0 0/0 13:26 0:00 0:00
Jordin Tootoo 0 0 0 0 0 2 0 0 0 0 0/0 8:03 0:00 0:00
Josef Vasicek 0 0 0 -1 0 3 0 0 1 0 2/4 11:07 0:00 0:04
Mark Bell 0 0 0 0 0 1 3 0 0 1 1/1 9:58 0:00 0:27
Michal Handzus 0 0 0 -1 0 0 0 1 0 0 5/9 16:03 1:38 0:00
Owen Nolan 0 0 0 -1 0 1 1 0 0 0 0/0 12:47 0:00 0:00
Pavel Bure 0 0 0 1 0 2 2 0 0 0 1/2 21:47 2:20 2:05
Petr Schastlivy 0 0 0 -1 2 2 2 1 1 0 0/0 12:53 0:00 0:00
Rob Blake 0 0 0 1 0 2 1 3 0 1 0/0 27:28 2:47 1:40
Ron Hainsey 0 0 0 -1 0 1 0 1 0 0 0/0 13:27 0:00 0:00
Steve Eminger 0 0 0 -1 0 1 2 0 0 0 0/0 18:43 1:11 1:52
Steve Sullivan 0 0 0 -1 0 4 1 0 0 1 0/1 16:57 1:38 1:03
Steven Reinprecht 0 0 0 0 0 0 0 0 0 0 2/5 7:50 0:00 0:00
Tomas Kaberle 0 0 0 1 0 1 3 1 0 1 0/0 27:28 2:47 1:40
3 Stars
1 - Chris Mason (Phi)
2 - Eric Staal (Cal)
3 - Miroslav Satan (Phi)
Power Play
Flyers - 1 on 2 Attempt(s) - 50,00%
Flames - 0 on 2 Attempt(s) - 0,00%
Penalty Kill
Flyers - 2 on 2 Attempt(s) - 100,00%
- Score 0 goal in Penalty Kill
Flames - 1 on 2 Attempt(s) - 50,00%
- Score 0 goal in Penalty Kill
Official
Referees : Lee Chris and L'Ecuyer Frederick
Linesman : Brian Mach and Andy McElman
Game Notes
Josef Vasicek is injured at 13:28 of 3rd period (Left Eye)
Finance
Level 1 -- Attendance: 4226 (70,43%) -- Ticket Income 409 922 $
Level 2 -- Attendance: 3201 (64,02%) -- Ticket Income 185 658 $
Level 3 -- Attendance: 1465 (73,25%) -- Ticket Income 48 345 $
Level 4 -- Attendance: 2602 (65,05%) -- Ticket Income 54 642 $
Luxury Box -- Attendance: 611 (61,10%) -- Ticket Income 120 367 $
Game was played at the Metal Center
Total Attendance: 12105 (67,25%)
Total Ticket Income: 818 934 $
Total Income: 818 934 $
Flyers
5 vs 5 Forward
Center Left Wing Right Wing Time % Phy DF OF
1 Marc Savard Erik Cole Martin St. Louis 40 1 2 2
2 Jeff O'Neill Andrei Kostitsyn Shane Doan 30 1 2 2
3 Martin Straka David Moss Miroslav Satan 20 1 2 2
4 Blair Betts Marcel Hossa Eric Godard 10 1 2 2
5 vs 5 Defense
Defense Defense Time % Phy DF OF
1 Frantisek Kaberle Brooks Orpik 40 1 2 2
2 Ed Jovanovski Scott Hannan 30 1 2 2
3 Nolan Pratt Mike Lundin 20 1 2 2
4 Frantisek Kaberle Brooks Orpik 10 1 2 2
PowerPlay Forward
Center Left Wing Right Wing Time % Phy DF OF
1 Marc Savard Erik Cole Martin St. Louis 60 1 2 2
2 Jeff O'Neill Andrei Kostitsyn Shane Doan 40 1 2 2
PowerPlay Defense
Defense Defense Time % Phy DF OF
1 Frantisek Kaberle Brooks Orpik 60 1 2 2
2 Ed Jovanovski Scott Hannan 40 1 2 2
Penalty Kill 4 Players Forward
Center Wing Time % Phy DF OF
1 Marc Savard Martin St. Louis 60 1 2 2
2 Shane Doan Jeff O'Neill 40 1 2 2
Penalty Kill 4 Players Defense
Defense Defense Time % Phy DF OF
1 Frantisek Kaberle Brooks Orpik 60 1 2 2
2 Ed Jovanovski Scott Hannan 40 1 2 2
Penalty Kill - 3 Players Forward
Forward Time % Phy DF OF
1 Marc Savard 60 1 2 2
2 Martin St. Louis 40 1 2 2
Penalty Kill - 3 Players Defense
Defense Defense Time % Phy DF OF
1 Frantisek Kaberle Brooks Orpik 60 1 2 2
2 Ed Jovanovski Scott Hannan 40 1 2 2
4 vs 4 Forward
Center Wing Time % Phy DF OF
1 Marc Savard Martin St. Louis 60 1 2 2
2 Shane Doan Jeff O'Neill 40 1 2 2
4 vs 4 Defense
Defense Defense Time % Phy DF OF
1 Frantisek Kaberle Brooks Orpik 60 1 2 2
2 Ed Jovanovski Scott Hannan 40 1 2 2
Last Minutes Offensive
Center Left Wing Right Wing Defense Defense
Marc Savard Erik Cole Martin St. Louis Frantisek Kaberle Brooks Orpik
Last Minutes Defensive
Center Left Wing Right Wing Defense Defense
Marc Savard Erik Cole Martin St. Louis Frantisek Kaberle Brooks Orpik
Goaltenders
Starting : Chris Mason
Backup : Ray Emery
Extra Forwards
Normal : Miroslav Satan, Martin Straka, Blair Betts - PP : Miroslav Satan, Martin Straka - PK : Blair Betts
Extra Defensemen
Normal : Nolan Pratt, Mike Lundin, Ed Jovanovski - PP : Nolan Pratt - PK : Mike Lundin, Ed Jovanovski
Penalty Shots
Marc Savard, Martin St. Louis, Shane Doan, Jeff O'Neill, Miroslav Satan
Flames
5 vs 5 Forward
Center Left Wing Right Wing Time % Phy DF OF
1 Eric Staal Alexander Semin Pavel Bure 40 1 2 2
2 Michal Handzus Steve Sullivan David Backes 30 1 2 2
3 Josef Vasicek Petr Schastlivy Owen Nolan 20 1 2 2
4 Steven Reinprecht Mark Bell Jordin Tootoo 10 1 2 2
5 vs 5 Defense
Defense Defense Time % Phy DF OF
1 Tomas Kaberle Rob Blake 40 1 2 2
2 Steve Eminger Brett Lebda 30 1 2 2
3 Ron Hainsey Erik Johnson 20 1 2 2
4 Tomas Kaberle Rob Blake 10 1 2 2
PowerPlay Forward
Center Left Wing Right Wing Time % Phy DF OF
1 Eric Staal Alexander Semin Pavel Bure 60 1 2 2
2 Michal Handzus Steve Sullivan David Backes 40 1 2 2
PowerPlay Defense
Defense Defense Time % Phy DF OF
1 Tomas Kaberle Rob Blake 60 1 2 2
2 Steve Eminger Brett Lebda 40 1 2 2
Penalty Kill 4 Players Forward
Center Wing Time % Phy DF OF
1 Eric Staal Pavel Bure 60 1 2 2
2 Alexander Semin Steve Sullivan 40 1 2 2
Penalty Kill 4 Players Defense
Defense Defense Time % Phy DF OF
1 Tomas Kaberle Rob Blake 60 1 2 2
2 Steve Eminger Brett Lebda 40 1 2 2
Penalty Kill - 3 Players Forward
Forward Time % Phy DF OF
1 Eric Staal 60 1 2 2
2 Pavel Bure 40 1 2 2
Penalty Kill - 3 Players Defense
Defense Defense Time % Phy DF OF
1 Tomas Kaberle Rob Blake 60 1 2 2
2 Steve Eminger Brett Lebda 40 1 2 2
4 vs 4 Forward
Center Wing Time % Phy DF OF
1 Eric Staal Pavel Bure 60 1 2 2
2 Alexander Semin Steve Sullivan 40 1 2 2
4 vs 4 Defense
Defense Defense Time % Phy DF OF
1 Tomas Kaberle Rob Blake 60 1 2 2
2 Steve Eminger Brett Lebda 40 1 2 2
Last Minutes Offensive
Center Left Wing Right Wing Defense Defense
Eric Staal Alexander Semin Pavel Bure Tomas Kaberle Rob Blake
Last Minutes Defensive
Center Left Wing Right Wing Defense Defense
Eric Staal Alexander Semin Pavel Bure Tomas Kaberle Rob Blake
Goaltenders
Starting : Pekka Rinne
Backup : Craig Anderson
Extra Forwards
Normal : Petr Schastlivy, Josef Vasicek, Mark Bell - PP : Petr Schastlivy, Josef Vasicek - PK : Mark Bell
Extra Defensemen
Normal : Ron Hainsey, Erik Johnson, Steve Eminger - PP : Ron Hainsey - PK : Erik Johnson, Steve Eminger
Penalty Shots
Eric Staal, Pavel Bure, Alexander Semin, Steve Sullivan, Michal Handzus
% Time on Ice - Flyers
Lines # - Real PCT - Wanted PCT - Time Play
Normal Forward
1 - 33% - 40% - 17:32
2 - 27% - 30% - 14:20
3 - 23% - 20% - 12:06
4 - 16% - 10% - 8:32
Normal Defense
1 - 37% - 40% - 19:11
2 - 35% - 30% - 18:32
3 - 24% - 20% - 12:32
4 - 4% - 10% - 2:15
PP Forward
1 - 60% - 60% - 2:07
2 - 40% - 40% - 1:25
PP Defense
1 - 63% - 60% - 2:14
2 - 37% - 40% - 1:18
PK Forward
1 - 81% - 60% - 3:12
2 - 19% - 40% - 0:46
PK Defense
1 - 59% - 60% - 2:20
2 - 41% - 40% - 1:38
PK3 Forward
1 - 0% - 60%
2 - 0% - 40%
PK3 Defense
1 - 0% - 60%
2 - 0% - 40%
44 Forward
1 - 0% - 60%
2 - 0% - 40%
44 Defense
1 - 0% - 60%
2 - 0% - 40%
Last Minute Offensive - 0:00
Last Minute Defensive - 0:00
Total
Forward - 60:00
Defense - 60:00
|
% Time on Ice - Flames
Lines # - Real PCT - Wanted PCT - Time Play
Normal Forward
1 - 34% - 40% - 17:55
2 - 27% - 30% - 14:16
3 - 24% - 20% - 12:29
4 - 15% - 10% - 7:50
Normal Defense
1 - 39% - 40% - 20:43
2 - 30% - 30% - 15:40
3 - 25% - 20% - 13:21
4 - 5% - 10% - 2:46
PP Forward
1 - 59% - 60% - 2:20
2 - 41% - 40% - 1:38
PP Defense
1 - 70% - 60% - 2:47
2 - 30% - 40% - 1:11
PK Forward
1 - 70% - 60% - 2:29
2 - 30% - 40% - 1:03
PK Defense
1 - 47% - 60% - 1:40
2 - 53% - 40% - 1:52
PK3 Forward
1 - 0% - 60%
2 - 0% - 40%
PK3 Defense
1 - 0% - 60%
2 - 0% - 40%
44 Forward
1 - 0% - 60%
2 - 0% - 40%
44 Defense
1 - 0% - 60%
2 - 0% - 40%
Last Minute Offensive - 0:00
Last Minute Defensive - 0:00
Total
Forward - 60:00
Defense - 60:00
|
Play by Play
1st period
0:01 of 1st period - Eric Staal wins face-off versus Marc Savard in neutral zone.
0:08 of 1st period - Snap shot by Pavel Bure.
0:08 of 1st period - Stopped by Chris Mason without a rebound.
0:09 of 1st period - Marc Savard wins face-off versus Eric Staal in Flyers zone.
0:24 of 1st period - Snap shot by Alexander Semin.
0:24 of 1st period - Deflect By Eric Staal.
0:24 of 1st period - Stopped by Chris Mason without a rebound.
0:25 of 1st period - Michal Handzus wins face-off versus Jeff O'Neill in Flyers zone.
0:34 of 1st period - Snap shot by Andrei Kostitsyn.
0:34 of 1st period - Stopped by Pekka Rinne with a rebound.
1:21 of 1st period - Snap shot by Marcel Hossa.
1:21 of 1st period - Shot Misses the Net.
1:35 of 1st period - Snap shot by Martin St. Louis.
1:35 of 1st period - Stopped by Pekka Rinne with a rebound.
3:09 of 1st period - Snap shot by Alexander Semin.
3:09 of 1st period - Stopped by Chris Mason with a rebound.
3:11 of 1st period - Snap shot by Pavel Bure.
3:11 of 1st period - Shot Misses the Net.
3:59 of 1st period - Mark Bell is hit by Blair Betts and loses puck.
4:06 of 1st period - Slapshot by Brett Lebda.
4:06 of 1st period - Shot Blocked by Mike Lundin.
4:20 of 1st period - Eric Staal is hit by Erik Cole and loses puck.
4:41 of 1st period - Snap shot by Steve Sullivan.
4:41 of 1st period - Stopped by Chris Mason with a rebound.
4:57 of 1st period - Shane Doan is hit by Steve Eminger.
5:06 of 1st period - Brett Lebda is hit by Shane Doan and loses puck.
5:23 of 1st period - Wrist shot by Eric Staal.
5:23 of 1st period - Shot Misses the Net.
5:25 of 1st period - Wrist shot by Ron Hainsey.
5:25 of 1st period - Shot Blocked by Erik Cole.
5:39 of 1st period - Jordin Tootoo is hit by Miroslav Satan and loses puck.
5:48 of 1st period - Wrist shot by Martin Straka.
5:48 of 1st period - Shot Misses the Net.
5:50 of 1st period - Wrist shot by David Moss.
5:50 of 1st period - Stopped by Pekka Rinne without a rebound.
5:51 of 1st period - Marc Savard wins face-off versus Eric Staal in Flames zone.
6:00 of 1st period - Ed Jovanovski is hit by Pavel Bure and loses puck.
6:17 of 1st period - Michal Handzus is hit by Ed Jovanovski and loses puck.
6:22 of 1st period - Slapshot by Miroslav Satan.
6:22 of 1st period - Stopped by Pekka Rinne with a rebound.
6:42 of 1st period - Steve Eminger is hit by Eric Godard and loses puck.
7:03 of 1st period - Snap shot by Alexander Semin.
7:03 of 1st period - Stopped by Chris Mason with a rebound.
7:05 of 1st period - Snap shot by Erik Johnson.
7:05 of 1st period - Deflect By Eric Staal.
7:05 of 1st period - Shot Misses the Net.
7:05 of 1st period - Puck is out of play.
7:06 of 1st period - Michal Handzus wins face-off versus Marc Savard in Flyers zone.
7:19 of 1st period - Snap shot by Steve Sullivan.
7:19 of 1st period - Stopped by Chris Mason without a rebound.
7:20 of 1st period - Alexander Semin wins face-off versus Marc Savard in Flyers zone.
7:21 of 1st period - Snap shot by Eric Staal.
7:21 of 1st period - Stopped by Chris Mason with a rebound.
7:29 of 1st period - Wrist shot by Alexander Semin.
7:29 of 1st period - Shot Misses the Net.
7:31 of 1st period - Snap shot by Eric Staal.
7:31 of 1st period - Shot Blocked by Marc Savard.
7:59 of 1st period - Minor Penalty to Petr Schastlivy for Hooking.
8:00 of 1st period - Eric Staal wins face-off versus Marc Savard in Flames zone.
8:25 of 1st period - Rob Blake is hit by Frantisek Kaberle and loses puck.
8:30 of 1st period - Wrist shot by Shane Doan.
8:30 of 1st period - Stopped by Pekka Rinne without a rebound.
8:31 of 1st period - Eric Staal wins face-off versus Jeff O'Neill in Flames zone.
8:56 of 1st period - Snap shot by Steve Sullivan.
8:56 of 1st period - Stopped by Chris Mason with a rebound.
9:10 of 1st period - Frantisek Kaberle is hit by Eric Staal and loses puck.
9:59 of 1st period - Penalty to Petr Schastlivy is over, Petr Schastlivy is back on ice.
10:03 of 1st period - Icing by Shane Doan.
10:04 of 1st period - Martin Straka wins face-off versus Josef Vasicek in Flyers zone.
10:09 of 1st period - Slapshot by Miroslav Satan.
10:09 of 1st period - Deflect By David Moss.
10:09 of 1st period - Stopped by Pekka Rinne without a rebound.
10:10 of 1st period - Martin Straka wins face-off versus Josef Vasicek in Flames zone.
10:11 of 1st period - Snap shot by Miroslav Satan.
10:11 of 1st period - Shot Blocked by Petr Schastlivy.
10:27 of 1st period - Snap shot by Miroslav Satan.
10:27 of 1st period - Stopped by Pekka Rinne with a rebound.
10:47 of 1st period - Snap shot by Josef Vasicek.
10:47 of 1st period - Shot Misses the Net.
10:49 of 1st period - Snap shot by Petr Schastlivy.
10:49 of 1st period - Shot Misses the Net.
10:51 of 1st period - Wrist shot by Ron Hainsey.
10:51 of 1st period - Shot Misses the Net.
10:53 of 1st period - Slapshot by Erik Johnson.
10:53 of 1st period - Stopped by Chris Mason with a rebound.
10:57 of 1st period - Snap shot by Josef Vasicek.
10:57 of 1st period - Shot Misses the Net.
10:59 of 1st period - Slapshot by Ron Hainsey.
10:59 of 1st period - Stopped by Chris Mason without a rebound.
11:00 of 1st period - Eric Staal wins face-off versus Marc Savard in Flyers zone.
11:32 of 1st period - Off-side.
11:33 of 1st period - Michal Handzus wins face-off versus Jeff O'Neill in neutral zone.
11:48 of 1st period - Ed Jovanovski is hit by Steve Sullivan and loses puck.
12:01 of 1st period - Slapshot by Pavel Bure.
12:01 of 1st period - Stopped by Chris Mason with a rebound.
12:03 of 1st period - Wrist shot by Pavel Bure.
12:03 of 1st period - Shot Misses the Net.
12:05 of 1st period - Snap shot by Eric Staal.
12:05 of 1st period - Stopped by Chris Mason without a rebound.
12:06 of 1st period - Marc Savard wins face-off versus Eric Staal in Flyers zone.
12:13 of 1st period - Rob Blake is hit by Erik Cole.
12:16 of 1st period - Off-side.
12:17 of 1st period - Marc Savard wins face-off versus Eric Staal in neutral zone.
12:30 of 1st period - Snap shot by Martin St. Louis.
12:30 of 1st period - Stopped by Pekka Rinne without a rebound.
12:31 of 1st period - Marc Savard wins face-off versus Eric Staal in Flames zone.
12:36 of 1st period - Slapshot by Martin St. Louis.
12:36 of 1st period - Shot Misses the Net.
12:38 of 1st period - Snap shot by Erik Cole.
12:38 of 1st period - Shot Misses the Net.
12:40 of 1st period - Slapshot by Brooks Orpik.
12:40 of 1st period - Shot Blocked by Rob Blake.
12:56 of 1st period - Shane Doan is hit by Tomas Kaberle and loses puck.
13:21 of 1st period - Slapshot by Martin Straka.
13:21 of 1st period - Shot Misses the Net.
13:23 of 1st period - Slapshot by Miroslav Satan.
13:23 of 1st period - Shot Misses the Net.
13:37 of 1st period - Snap shot by Steven Reinprecht.
13:37 of 1st period - Shot Misses the Net.
13:39 of 1st period - Snap shot by Steve Eminger.
13:39 of 1st period - Stopped by Chris Mason without a rebound.
13:40 of 1st period - Alexander Semin wins face-off versus Marc Savard in Flyers zone.
14:28 of 1st period - Miroslav Satan is hit by Petr Schastlivy and loses puck.
14:33 of 1st period - Snap shot by Josef Vasicek.
14:33 of 1st period - Stopped by Chris Mason without a rebound.
14:34 of 1st period - Marc Savard wins face-off versus Pavel Bure in Flyers zone.
15:22 of 1st period - Snap shot by Jordin Tootoo.
15:22 of 1st period - Stopped by Chris Mason without a rebound.
15:23 of 1st period - Steven Reinprecht wins face-off versus Jeff O'Neill in Flyers zone.
17:48 of 1st period - Snap shot by Marc Savard.
17:48 of 1st period - Deflect By Erik Cole.
17:48 of 1st period - Shot Blocked by Ron Hainsey.
17:48 of 1st period - Puck is out of play.
17:49 of 1st period - Eric Staal wins face-off versus Marc Savard in Flames zone.
18:00 of 1st period - Backhand shot by Erik Cole.
18:00 of 1st period - Shot Misses the Net.
18:02 of 1st period - Snap shot by Marc Savard.
18:02 of 1st period - Stopped by Pekka Rinne without a rebound.
18:03 of 1st period - Jeff O'Neill wins face-off versus Eric Staal in Flames zone.
18:12 of 1st period - Brooks Orpik is hit by Alexander Semin and loses puck.
18:55 of 1st period - Josef Vasicek is hit by Scott Hannan and loses puck.
19:02 of 1st period - Snap shot by Miroslav Satan.
19:02 of 1st period - Shot Misses the Net.
19:04 of 1st period - Snap shot by Miroslav Satan.
19:04 of 1st period - Shot Misses the Net.
19:06 of 1st period - Slapshot by Miroslav Satan.
19:06 of 1st period - Shot Misses the Net.
2nd period
0:01 of 2nd period - Eric Staal wins face-off versus Marc Savard in neutral zone.
0:12 of 2nd period - Snap shot by Eric Staal.
0:12 of 2nd period - Stopped by Chris Mason with a rebound.
0:14 of 2nd period - Snap shot by Eric Staal.
0:14 of 2nd period - Goal by Eric Staal - Flyers : 0 - Flames : 1.
0:15 of 2nd period - Eric Staal wins face-off versus Marc Savard in neutral zone.
0:40 of 2nd period - David Backes is hit by Shane Doan and loses puck.
1:40 of 2nd period - Ed Jovanovski is hit by Eric Staal and loses puck.
2:03 of 2nd period - Wrist shot by Shane Doan.
2:03 of 2nd period - Stopped by Pekka Rinne with a rebound.
2:05 of 2nd period - Snap shot by Jeff O'Neill.
2:05 of 2nd period - Stopped by Pekka Rinne with a rebound.
2:07 of 2nd period - Slapshot by Jeff O'Neill.
2:07 of 2nd period - Goal by Jeff O'Neill - Flyers : 1 - Flames : 1.
2:08 of 2nd period - Erik Cole wins face-off versus Eric Staal in neutral zone.
2:36 of 2nd period - Wrist shot by Alexander Semin.
2:36 of 2nd period - Stopped by Chris Mason with a rebound.
3:00 of 2nd period - Icing by Miroslav Satan.
3:01 of 2nd period - Josef Vasicek wins face-off versus Martin Straka in Flyers zone.
4:20 of 2nd period - Ed Jovanovski is hit by Petr Schastlivy and loses puck.
4:25 of 2nd period - Wrist shot by Josef Vasicek.
4:25 of 2nd period - Stopped by Chris Mason without a rebound.
4:26 of 2nd period - Marc Savard wins face-off versus Eric Staal in Flyers zone.
4:39 of 2nd period - Snap shot by Marc Savard.
4:39 of 2nd period - Stopped by Pekka Rinne without a rebound.
4:40 of 2nd period - Michal Handzus wins face-off versus Marc Savard in Flames zone.
4:54 of 2nd period - Slapshot by Erik Cole.
4:54 of 2nd period - Stopped by Pekka Rinne with a rebound.
4:56 of 2nd period - Wrist shot by Erik Cole.
4:56 of 2nd period - Stopped by Pekka Rinne with a rebound.
5:06 of 2nd period - Rob Blake is hit by Frantisek Kaberle and loses puck.
5:15 of 2nd period - Snap shot by Shane Doan.
5:15 of 2nd period - Shot Blocked by Rob Blake.
5:33 of 2nd period - Snap shot by Steven Reinprecht.
5:33 of 2nd period - Shot Blocked by Scott Hannan.
5:35 of 2nd period - Snap shot by Mark Bell.
5:35 of 2nd period - Shot Blocked by Ed Jovanovski.
5:37 of 2nd period - Backhand shot by Rob Blake.
5:37 of 2nd period - Deflect By Blair Betts.
5:37 of 2nd period - Stopped by Chris Mason with a rebound.
5:48 of 2nd period - Off-side.
5:49 of 2nd period - Marc Savard wins face-off versus Michal Handzus in neutral zone.
6:36 of 2nd period - Slapshot by Petr Schastlivy.
6:36 of 2nd period - Stopped by Chris Mason without a rebound.
6:37 of 2nd period - Josef Vasicek wins face-off versus Blair Betts in Flyers zone.
7:12 of 2nd period - Snap shot by Josef Vasicek.
7:12 of 2nd period - Deflect By Petr Schastlivy.
7:12 of 2nd period - Stopped by Chris Mason with a rebound.
7:18 of 2nd period - Owen Nolan is hit by Marcel Hossa and loses puck.
7:39 of 2nd period - Wrist shot by Blair Betts.
7:39 of 2nd period - Stopped by Pekka Rinne without a rebound.
7:40 of 2nd period - Marc Savard wins face-off versus Eric Staal in Flames zone.
7:49 of 2nd period - Snap shot by Erik Cole.
7:49 of 2nd period - Stopped by Pekka Rinne without a rebound.
7:50 of 2nd period - Erik Cole wins face-off versus Eric Staal in Flames zone.
7:57 of 2nd period - Snap shot by Erik Cole.
7:57 of 2nd period - Deflect By Martin St. Louis.
7:57 of 2nd period - Shot Misses the Net.
7:57 of 2nd period - Puck is out of play.
7:58 of 2nd period - Eric Staal wins face-off versus Marc Savard in Flames zone.
8:02 of 2nd period - Tomas Kaberle is hit by Frantisek Kaberle and loses puck.
8:27 of 2nd period - Minor Penalty to Shane Doan for Slashing.
8:28 of 2nd period - Eric Staal wins face-off versus Marc Savard in Flyers zone.
8:43 of 2nd period - Snap shot by Eric Staal.
8:43 of 2nd period - Shot Misses the Net.
9:10 of 2nd period - Blair Betts is hit by David Backes.
9:52 of 2nd period - Martin St. Louis is hit by Pavel Bure and loses puck.
10:27 of 2nd period - Penalty to Shane Doan is over, Shane Doan is back on ice.
10:35 of 2nd period - Erik Johnson is hit by Martin Straka and loses puck.
10:47 of 2nd period - David Moss is hit by Mark Bell and loses puck.
12:17 of 2nd period - Pavel Bure is hit by David Moss and loses puck.
12:45 of 2nd period - Nolan Pratt is hit by Mark Bell and loses puck.
13:39 of 2nd period - Steve Sullivan is hit by Ed Jovanovski and loses puck.
14:00 of 2nd period - Backhand shot by Miroslav Satan.
14:00 of 2nd period - Stopped by Pekka Rinne with a rebound.
14:02 of 2nd period - Slapshot by Scott Hannan.
14:02 of 2nd period - Stopped by Pekka Rinne with a rebound.
14:12 of 2nd period - Slapshot by Rob Blake.
14:12 of 2nd period - Shot Misses the Net.
14:18 of 2nd period - Mark Bell is hit by Shane Doan and loses puck.
14:29 of 2nd period - Steven Reinprecht is hit by Martin St. Louis and loses puck.
15:01 of 2nd period - Minor Penalty to Erik Johnson for Hooking.
15:02 of 2nd period - Eric Staal wins face-off versus Marc Savard in Flames zone.
15:17 of 2nd period - Snap shot by Martin St. Louis.
15:17 of 2nd period - Shot Misses the Net.
15:56 of 2nd period - Icing by Andrei Kostitsyn.
15:57 of 2nd period - Mark Bell wins face-off versus Jeff O'Neill in Flyers zone.
16:32 of 2nd period - Slapshot by Martin St. Louis.
16:32 of 2nd period - Shot Hit the Post.
16:34 of 2nd period - Slapshot by Frantisek Kaberle.
16:34 of 2nd period - Goal by Frantisek Kaberle - Flyers : 2 - Flames : 1.
16:35 of 2nd period - Alexander Semin wins face-off versus Jeff O'Neill in neutral zone.
16:50 of 2nd period - Slapshot by Shane Doan.
16:50 of 2nd period - Stopped by Pekka Rinne with a rebound.
17:14 of 2nd period - Snap shot by David Backes.
17:14 of 2nd period - Stopped by Chris Mason with a rebound.
18:29 of 2nd period - Nolan Pratt is hit by Eric Staal and loses puck.
18:54 of 2nd period - Snap shot by Steve Sullivan.
18:54 of 2nd period - Stopped by Chris Mason without a rebound.
18:55 of 2nd period - Marc Savard wins face-off versus Michal Handzus in Flyers zone.
19:06 of 2nd period - Slapshot by Marc Savard.
19:06 of 2nd period - Shot Blocked by Tomas Kaberle.
19:11 of 2nd period - Minor Penalty to Erik Cole for Interference.
19:12 of 2nd period - Pavel Bure wins face-off versus Marc Savard in Flyers zone.
19:23 of 2nd period - Wrist shot by Alexander Semin.
19:23 of 2nd period - Shot Misses the Net.
19:25 of 2nd period - Slapshot by Tomas Kaberle.
19:25 of 2nd period - Stopped by Chris Mason without a rebound.
19:26 of 2nd period - Marc Savard wins face-off versus Eric Staal in Flyers zone.
3rd period
0:01 of 3rd period - Marc Savard wins face-off versus Eric Staal in neutral zone.
0:04 of 3rd period - Rob Blake is hit by Martin St. Louis and loses puck.
0:13 of 3rd period - Snap shot by Marc Savard.
0:13 of 3rd period - Shot Misses the Net.
0:15 of 3rd period - Wrist shot by Marc Savard.
0:15 of 3rd period - Shot Misses the Net.
0:30 of 3rd period - Scott Hannan is hit by Tomas Kaberle and loses puck.
1:11 of 3rd period - Penalty to Erik Cole is over, Erik Cole is back on ice.
1:21 of 3rd period - Josef Vasicek is hit by Ed Jovanovski.
1:27 of 3rd period - Wrist shot by Josef Vasicek.
1:27 of 3rd period - Stopped by Chris Mason without a rebound.
1:28 of 3rd period - Steven Reinprecht wins face-off versus Jeff O'Neill in Flyers zone.
1:29 of 3rd period - Slapshot by Mark Bell.
1:29 of 3rd period - Stopped by Chris Mason without a rebound.
1:30 of 3rd period - Jeff O'Neill wins face-off versus Steven Reinprecht in Flyers zone.
1:34 of 3rd period - Off-side.
1:35 of 3rd period - Jeff O'Neill wins face-off versus Steven Reinprecht in neutral zone.
1:37 of 3rd period - Off-side.
1:38 of 3rd period - Jeff O'Neill wins face-off versus Steven Reinprecht in neutral zone.
1:49 of 3rd period - Snap shot by Andrei Kostitsyn.
1:49 of 3rd period - Stopped by Pekka Rinne without a rebound.
1:50 of 3rd period - Eric Staal wins face-off versus Marc Savard in Flames zone.
1:55 of 3rd period - Martin St. Louis is hit by Alexander Semin and loses puck.
2:25 of 3rd period - Slapshot by Shane Doan.
2:25 of 3rd period - Shot Misses the Net.
2:57 of 3rd period - Slapshot by Frantisek Kaberle.
2:57 of 3rd period - Shot Misses the Net.
4:32 of 3rd period - Blair Betts is hit by Tomas Kaberle and loses puck.
4:54 of 3rd period - Slapshot by Mike Lundin.
4:54 of 3rd period - Stopped by Pekka Rinne with a rebound.
4:56 of 3rd period - Wrist shot by Eric Godard.
4:56 of 3rd period - Stopped by Pekka Rinne with a rebound.
4:58 of 3rd period - Wrist shot by Blair Betts.
4:58 of 3rd period - Stopped by Pekka Rinne without a rebound.
4:59 of 3rd period - Marc Savard wins face-off versus Steve Sullivan in Flames zone.
5:04 of 3rd period - Martin St. Louis is hit by Brett Lebda and loses puck.
5:17 of 3rd period - Steve Sullivan is hit by Martin St. Louis and loses puck.
5:29 of 3rd period - Off-side.
5:30 of 3rd period - Jeff O'Neill wins face-off versus Eric Staal in neutral zone.
5:55 of 3rd period - Ron Hainsey is hit by David Moss and loses puck.
6:38 of 3rd period - Wrist shot by Eric Staal.
6:38 of 3rd period - Stopped by Chris Mason with a rebound.
7:00 of 3rd period - Wrist shot by Alexander Semin.
7:00 of 3rd period - Shot Blocked by Scott Hannan.
7:02 of 3rd period - Slapshot by Pavel Bure.
7:02 of 3rd period - Shot Misses the Net.
7:04 of 3rd period - Snap shot by Eric Staal.
7:04 of 3rd period - Shot Hit the Post.
7:06 of 3rd period - Wrist shot by Eric Staal.
7:06 of 3rd period - Stopped by Chris Mason without a rebound.
7:07 of 3rd period - Jeff O'Neill wins face-off versus Michal Handzus in Flyers zone.
7:14 of 3rd period - Slapshot by Jeff O'Neill.
7:14 of 3rd period - Shot Misses the Net.
8:04 of 3rd period - Slapshot by Jordin Tootoo.
8:04 of 3rd period - Stopped by Chris Mason with a rebound.
8:06 of 3rd period - Slapshot by Rob Blake.
8:06 of 3rd period - Shot Blocked by Miroslav Satan.
8:08 of 3rd period - Slapshot by Rob Blake.
8:08 of 3rd period - Stopped by Chris Mason without a rebound.
8:09 of 3rd period - Jeff O'Neill wins face-off versus David Backes in Flyers zone.
8:34 of 3rd period - Marc Savard is hit by Owen Nolan and loses puck.
9:21 of 3rd period - Brooks Orpik is hit by Erik Johnson.
9:58 of 3rd period - Snap shot by Marc Savard.
9:58 of 3rd period - Stopped by Pekka Rinne with a rebound.
10:00 of 3rd period - Slapshot by Erik Cole.
10:00 of 3rd period - Shot Blocked by Rob Blake.
10:33 of 3rd period - Snap shot by Shane Doan.
10:33 of 3rd period - Deflect By David Backes.
10:33 of 3rd period - Shot Misses the Net.
10:33 of 3rd period - Puck is out of play.
10:34 of 3rd period - Michal Handzus wins face-off versus Jeff O'Neill in Flames zone.
10:34 of 3rd period - Michal Handzus is hit by Andrei Kostitsyn.
10:59 of 3rd period - Steve Eminger is hit by Jeff O'Neill and loses puck.
11:06 of 3rd period - Wrist shot by Jeff O'Neill.
11:06 of 3rd period - Stopped by Pekka Rinne without a rebound.
11:07 of 3rd period - Marc Savard wins face-off versus Eric Staal in Flames zone.
11:22 of 3rd period - Backhand shot by Martin St. Louis.
11:22 of 3rd period - Stopped by Pekka Rinne without a rebound.
11:23 of 3rd period - Jeff O'Neill wins face-off versus Michal Handzus in Flames zone.
11:34 of 3rd period - Wrist shot by Shane Doan.
11:34 of 3rd period - Stopped by Pekka Rinne without a rebound.
11:35 of 3rd period - Marc Savard wins face-off versus Eric Staal in Flames zone.
11:36 of 3rd period - Snap shot by Martin St. Louis.
11:36 of 3rd period - Stopped by Pekka Rinne without a rebound.
11:37 of 3rd period - Marc Savard wins face-off versus Eric Staal in Flames zone.
11:57 of 3rd period - Martin St. Louis is hit by Alexander Semin and loses puck.
12:36 of 3rd period - Wrist shot by Martin Straka.
12:36 of 3rd period - Stopped by Pekka Rinne with a rebound.
12:38 of 3rd period - Snap shot by Miroslav Satan.
12:38 of 3rd period - Goal by Miroslav Satan - Flyers : 3 - Flames : 1.
12:39 of 3rd period - Eric Staal wins face-off versus Erik Cole in neutral zone.
13:27 of 3rd period - Josef Vasicek is hit by Mike Lundin and loses puck.
13:28 of 3rd period - Josef Vasicek from Flames is injured at 13:28 of 3rd period (Left Eye).
13:29 of 3rd period - Marc Savard wins face-off versus Eric Staal in Flames zone.
13:38 of 3rd period - Marc Savard is hit by Rob Blake and loses puck.
13:55 of 3rd period - Michal Handzus is hit by Shane Doan and loses puck.
14:04 of 3rd period - David Backes is hit by Andrei Kostitsyn.
14:22 of 3rd period - Scott Hannan is hit by Steve Eminger and loses puck.
14:46 of 3rd period - Snap shot by Eric Staal.
14:46 of 3rd period - Shot Blocked by Ed Jovanovski.
15:16 of 3rd period - Snap shot by Jeff O'Neill.
15:16 of 3rd period - Stopped by Pekka Rinne without a rebound.
15:17 of 3rd period - Eric Staal wins face-off versus Jeff O'Neill in Flames zone.
16:09 of 3rd period - Brett Lebda is hit by Nolan Pratt and loses puck.
16:26 of 3rd period - Wrist shot by Jeff O'Neill.
16:26 of 3rd period - Stopped by Pekka Rinne without a rebound.
16:27 of 3rd period - Eric Staal wins face-off versus Jeff O'Neill in Flames zone.
16:50 of 3rd period - Ed Jovanovski is hit by Mark Bell and loses puck.
17:17 of 3rd period - Ron Hainsey is hit by David Moss and loses puck.
17:46 of 3rd period - Erik Johnson is hit by Erik Cole and loses puck.
18:17 of 3rd period - Wrist shot by Owen Nolan.
18:17 of 3rd period - Stopped by Chris Mason with a rebound.
18:19 of 3rd period - Snap shot by Tomas Kaberle.
18:19 of 3rd period - Shot Blocked by Marcel Hossa.
19:53 of 3rd period - Slapshot by Mike Lundin.
19:53 of 3rd period - Shot Blocked by Michal Handzus.
Output by the SimonT Hockey Simulator (STHS) for François Prévost -- Original Page W3C XHTML 1.0 Valid